 Dungeon Crawl Stone Soup version 0.21-a0-55-gb612c23 (webtiles) character file.

115 Kidiri the Magician (level 4, -3/24 HPs)
             Began as a Deep Elf Fire Elementalist on June 15, 2017.
             Shot with an arrow by a centaur (7 damage)
             ... on level 3 of the Dungeon.
             The game lasted 00:08:00 (2236 turns).

Kidiri the Magician (Deep Elf Fire Elementalist)    Turns: 2236, Time: 00:08:01

Health: -3/24      AC:  6    Str:  5    XL:     4   Next: 68%
Magic:  5/14       EV: 15    Int: 21    God:
Gold:   211        SH:  0    Dex: 15    Spells: 4/13 levels left

rFire    . . .     SeeInvis .   h - +0 dagger
rCold    . . .     Gourm    .   (no shield)
rNeg     . . .     Faith    .   a - +1 robe
rPois    .         Spirit   .   (no helmet)
rElec    .         Reflect  .   m - scarf {cloud immunity}
rCorr    .         Harm     .   (no gloves)
MR       .....                  (no boots)
Stlth    ++........             (no amulet)
HPRegen  0.08/turn              k - +3 ring of protection
MPRegen  0.14/turn              (no ring)

@: no status effects
A: fangs 1, repulsion field 1, high mp 1, wild magic 1
a: no special abilities


You were on level 3 of the Dungeon.
You were not hungry.

You visited 1 branch of the dungeon, and saw 3 of its levels.

You collected 211 gold pieces.

Inventory:

Hand Weapons
 h - a +0 dagger (weapon)
Armour
 a - a +1 robe (worn)
 m - a scarf of cloud immunity (worn)
 n - a +0 leather armour
Jewellery
 k - a +3 ring of protection (left hand)
Scrolls
 d - a scroll of remove curse
 q - a scroll of fear {unknown}
Potions
 e - 2 potions of curing
 g - 2 potions of cancellation
 i - a potion of invisibility {unknown}
 l - 2 potions of agility
 p - a potion of lignification {unknown}
Books
 b - a book of Flames

   Spells                             Type                      Level
   a - Flame Tongue                   Conjuration/Fire             1
   b - Throw Flame                    Conjuration/Fire             2
   c - Conjure Flame                  Conjuration/Fire             3
   d - Inner Flame                    Hexes/Fire                   3
   e - Sticky Flame                   Conjuration/Fire             4
   f - Fireball                       Conjuration/Fire             5
Comestibles
 c - 3 bread rations
 f - 3 chunks of flesh
 j - a meat ration
 o - a fruit
 r - a royal jelly


   Skills:
 - Level 2.4 Dodging
 - Level 2.4 Stealth
 * Level 5.1 Spellcasting
 + Level 2.7 Conjurations
 + Level 4.1 Fire Magic


You had 4 spell levels left.
You knew the following spells:

 Your Spells              Type           Power        Failure   Level  Hunger
a - Flame Tongue          Conj/Fire      ####.        4%          1    None
b - Throw Flame           Conj/Fire      ####..       7%          2    None
c - Conjure Flame         Conj/Fire      ####....     12%         3    ##.....
d - Inner Flame           Hex/Fire       ###.....     21%         3    ##.....


Dungeon Overview and Level Annotations

Branches:
Dungeon (3/15)

Altars:
Ashenzari
Cheibriados
Kikubaaqudgha
Uskayaw
Wu Jian


Innate Abilities, Weirdness & Mutations

You have very sharp teeth.
You are surrounded by a mild repulsion field. (EV +2)
You have an increased reservoir of magic. (+10% MP)
Your spells are a little harder to cast, but a little more powerful.


Message History

You see here a jackal corpse.
You butcher the jackal corpse.
f - 2 chunks of flesh (gained 1)
g - 2 potions of cancellation (gained 1)
You see here a jackal corpse.
You butcher the jackal corpse.
f - 3 chunks of flesh (gained 1)
You see here a jackal skeleton.
A centaur comes into view.
You see here a dart slug corpse.
You butcher the dart slug corpse.
You see here a chunk of flesh.
The centaur shouts!
The centaur wields a shortbow.
The centaur shoots an arrow.
The arrow hits you!
A worm comes into view.
You see here an arrow.
The centaur shoots an arrow.
The arrow hits you!
* * * LOW HITPOINT WARNING * * *
The centaur shoots an arrow.
The arrow hits you!
You die...

#. ≈..≈.≈. .. #.
≈≈≈.w≈♣ ..####.
≈≈≈≈c..
#..........≈≈≈≈P≈.
#..........≈≈≈≈≈≈♣
#.........♣≈≈≈≈≈≈.
#...........≈≈♣≈≈#
#.........@♣≈.≈≈≈♣
....†....(.P≈≈≈P#
##.....%..P.P.. ##.
#..÷......####
.....###.#########..
....................
##.#####.#########.#
#.............. .#
#..###..#######


You could see a centaur and a worm.

Vanquished Creatures
  3 adders
  A gnoll (D:2)
  A worm (D:3)
  2 dart slugs
  2 leopard geckos
  6 bats
  3 giant cockroaches
  3 hobgoblins
  12 jackals
  10 kobolds
  7 frilled lizards
  5 goblins
  11 rats
66 creatures vanquished.

Vanquished Creatures (others)
  5 toadstools (D:1)
5 creatures vanquished.

Grand Total: 71 creatures vanquished

Notes
Turn   | Place    | Note
-------+----------+-------------------------------------------
     0 | D:1      | Kidiri the Deep Elf Fire Elementalist began the quest for the Orb.
     0 | D:1      | Reached XP level 1. HP: 10/10 MP: 6/6
    68 | D:1      | Reached XP level 2. HP: 9/15 MP: 0/8
    74 | D:1      | Learned a level 2 spell: Throw Flame
   640 | D:1      | Reached skill level 4 in Spellcasting
   875 | D:1      | Reached XP level 3. HP: 19/19 MP: 8/10
   880 | D:1      | Learned a level 3 spell: Conjure Flame
   884 | D:1      | Learned a level 3 spell: Inner Flame
  1030 | D:2      | Gained mutation: You are dopey. (Int -2) [potion of mutation]
  1030 | D:2      | Gained mutation: Your magical capacity is low. (-10% MP) [potion of mutation]
  1030 | D:2      | Gained mutation: You are resistant to hostile enchantments. (MR+) [potion of mutation]
  1042 | D:2      | Found an ornate altar of the Wu Jian Council.
  1460 | D:2      | Reached XP level 4. HP: 22/24 MP: 8/11
  1804 | D:2      | Found a shattered altar of Ashenzari.
  1809 | D:2      | Found an ancient bone altar of Kikubaaqudgha.
  2090 | D:3      | Lost mutation: You are resistant to hostile enchantments. (MR+) [potion of mutation]
  2090 | D:3      | Lost mutation: You are dopey. (Int -2) [potion of mutation]
  2090 | D:3      | Lost mutation: Your magical capacity is low. (-10% MP) [potion of mutation]
  2090 | D:3      | Gained mutation: Your spells are a little harder to cast, but a little more powerful. [potion of mutation]
  2090 | D:3      | Gained mutation: You have an increased reservoir of magic. (+10% MP) [potion of mutation]
  2090 | D:3      | Gained mutation: You are surrounded by a mild repulsion field. (EV +2) [potion of mutation]
  2090 | D:3      | Gained mutation: You have very sharp teeth. [potion of mutation]
  2121 | D:3      | Found a hide-covered altar of Uskayaw.
  2121 | D:3      | Found a snail-covered altar of Cheibriados.
  2149 | D:3      | Reached skill level 5 in Spellcasting
  2233 | D:3      | Noticed a centaur
  2236 | D:3      | Shot with an arrow by a centaur

Vault maps used:
D:1:      ldierk_walled_garden
D:2:      nicolae_overflow_crystal_walls, minitemple, cheibrodos_gnoll_hut
D:3:      gammafunk_temple_overflow_elements, serial_bayou_pond_b

Skill      XL: |  1  2  3  4 |
---------------+-------------+-----
Spellcasting   | 4 5 |  5.1
Conjurations   | 2 |  2.7
Fire Magic     | 4 |  4.1
Dodging        | |  2.4
Stealth        | |  2.4

Action                   |  1- 3 |  4- 6 || total
-------------------------+-------+-------++-------
Melee: Mace              |    23 |       ||    23
       Dagger            |     2 |     5 ||     7
 Cast: Flame Tongue      |    61 |    35 ||    96
       Conjure Flame     |     1 |       ||     1
       Throw Flame       |       |     2 ||     2
  Use: Scroll            |     7 |     2 ||     9
       Potion            |     1 |     1 ||     2
 Stab: Sleeping          |     2 |     2 ||     4
  Eat: Chunk             |     2 |     2 ||     4
Armor: Robe              |    11 |     5 ||    16
Dodge: Dodged            |    51 |    19 ||    70
